 Dungeon Crawl Stone Soup version 0.21.1-1-g345015fe64 (webtiles) character file.

67 Revguard the Insei (level 3, -2/29 HPs)
             Began as a Draconian Transmuter on June 10, 2018.
             Slain by Sigmund
             ... wielding a +0 scythe
              (8 damage)
             ... on level 3 of the Dungeon.
             The game lasted 00:10:09 (1731 turns).

Revguard the Insei (Draconian Transmuter)           Turns: 1731, Time: 00:10:10

Health: -2/29      AC:  2    Str: 12    XL:     3   Next: 98%
Magic:  3/6        EV: 20    Int: 13    God:
Gold:   165        SH:  0    Dex: 17    Spells: 2/6 levels left

rFire    . . .     SeeInvis .     - Unarmed
rCold    . . .     Gourm    .   (shield currently unavailable)
rNeg     . . .     Faith    .   (armour unavailable)
rPois    x         Spirit   .   (helmet currently unavailable)
rElec    .         Reflect  .   (cloak currently unavailable)
rCorr    .         Harm     .   (gloves currently unavailable)
MR       .....                  (boots currently unavailable)
Stlth    ++........             (no amulet)
HPRegen  0.09/turn              (no ring)
MPRegen  0.10/turn              (no ring)

@: spider-form (expiring)
A: tiny, unfitting armour, AC +5
a: End Transformation


You were on level 3 of the Dungeon.
You were not hungry.
You were a venomous arachnid creature.
You visited 1 branch of the dungeon, and saw 3 of its levels.

You collected 165 gold pieces.

Inventory:

Missiles
 a - 25 arrows (quivered)
Scrolls
 d - a scroll of magic mapping {unknown}
 e - 2 scrolls of remove curse {unknown}
 f - a scroll of fog {unknown}
 g - 2 scrolls of noise {unknown}
 h - 2 scrolls of identify {unknown}
 j - 2 scrolls of teleportation {unknown}
Potions
 i - 2 potions of haste {unknown}
 k - a potion of degeneration {unknown}
 l - a potion of might {unknown}
 m - a potion of ambrosia {unknown}
 n - 3 potions of flight {unknown}
Books
 b - a book of Changes

   Spells                             Type                      Level
   a - Beastly Appendage              Transmutation                1
   b - Sticks to Snakes               Transmutation                2
   c - Spider Form                    Transmutation/Poison         3
   d - Ice Form                       Ice/Transmutation            4
   e - Blade Hands                    Transmutation                5
Comestibles
 c - 2 rations


   Skills:
 * Level 2.0 Fighting
 + Level 2.1 Dodging
 + Level 0.1 Stealth
 + Level 3.9 Unarmed Combat
 + Level 2.3 Spellcasting
 + Level 2.3 Transmutations


You had 2 spell levels left.
You knew the following spells:

 Your Spells              Type           Power        Failure   Level  Hunger
a - Beastly Appendage     Tmut           #.....       24%         1    ##.....
b - Spider Form           Tmut/Pois      #.........   65%         3    ####...


Dungeon Overview and Level Annotations

Branches:
Dungeon (3/15)

Altars:
Kikubaaqudgha
Okawaru

Annotations:
D:3 Sigmund


Innate Abilities, Weirdness & Mutations

((Your plain brown scales are hard. (AC +5)))
You cannot fit into any form of body armour.
((You are cold-blooded and may be slowed by cold attacks.))


Message History

You hear the slow rusting of a very distant drain.
You enter the shallow water.
Moving in this stuff is going to be slow.
Sigmund the Dreaded comes into view.
He is wielding a scythe.
There is a stone staircase leading down here.
Sigmund shouts!
Sigmund gestures wildly while chanting.
Sigmund flickers and vanishes!
Deactivating autopickup; reactivate with Ctrl-A.
Something hits you. Something hits you.
Casting: Beastly Appendage
Confirm with . or Enter, or press ? or * to list all spells.
You turn into a venomous arachnid creature.
You completely miss something. Something closely misses you.
You hit something. Something hits you.
* * * LOW HITPOINT WARNING * * *
Your transformation is almost over.
Something hits you!
You die...

# # #..≈≈≈....#..# #
.#.##..≈....⌠...#.# #
#................... # ##
#.##..†.....##.###. # #.#
#......#.####(# # #.#
#.##.#.##......##
######.#[##...†##>.###...
.)..###.##...............
###.............s........
# ##....##<....##..######
.....######...##...#
...... ##.###...# ###..##
#.# #...# # #..# #.#
#...# ..># #.# .....
##.## .#...## #. ...###


There were no monsters in sight!

Vanquished Creatures
  4 adders
  A dart slug (D:2)
  A leopard gecko (D:2)
  6 bats
  A giant cockroach (D:2)
  2 goblins (D:2)
  6 hobgoblins
  2 kobolds
  A ball python (D:2)
  A frilled lizard (D:1)
  6 rats
31 creatures vanquished.

Notes
Turn   | Place    | Note
-------+----------+-------------------------------------------
     0 | D:1      | Revguard the Draconian Transmuter began the quest for the Orb.
     0 | D:1      | Reached XP level 1. HP: 16/16 MP: 3/3
   467 | D:1      | Reached XP level 2. HP: 23/23 MP: 5/5
  1234 | D:2      | Found an iron altar of Okawaru.
  1297 | D:2      | Reached XP level 3. HP: 29/29 MP: 4/6
  1413 | D:2      | Learned a level 3 spell: Spider Form
  1701 | D:3      | Found an ancient bone altar of Kikubaaqudgha.
  1720 | D:3      | Noticed Sigmund
  1731 | D:3      | Slain by Sigmund

Skill      XL: |  1  2  3 |
---------------+----------+-----
Dodging        | 2 |  2.1
Fighting       | 2 |  2.0
Stealth        | |  0.1
Unarmed Combat | |  3.9
Spellcasting   | |  2.3
Transmutations | |  2.3

Action                   || total
-------------------------++-------
Melee: Unarmed           ||   114
       Tailslap          ||     9
       Headbutt          ||     2
 Cast: Beastly Appendage ||     9
       Spider Form       ||     2
 Stab: Sleeping          ||     2
  Eat: Ration            ||     1
Armor: Skin              ||    43
Dodge: Dodged            ||    96
